Map: Acropolis LE

Players

Verenus

  • Race: Protoss Protoss
  • League: Diamond
  • Spawn Location: 11:00

Woah - Winner!

  • Race: Terran Terran
  • League: Diamond
  • Spawn Location: 5:00

VOD

Have the link to the VOD?

Description

Time

  • Played on: June 14, 2019, 10:10 p.m.
  • Length: 9:45
Show
View Real Time Build Order
Export as new Build Order

Verenus Protoss 

Build Orders: 1 Gate Expand, Archon Immortal 

Get SALT Encoding   

  12  0:00  Probe  
  13  0:12  Probe  
  14  0:18  Pylon  
  14  0:24  Probe  
  15  0:35  Probe  
  15  0:41  Gateway  
  16  0:43  Probe  
  16  0:48  Assimilator  
  17  0:51  Probe  
  18  1:03  Probe  
  19  1:15  Probe  
  20  1:25  Nexus  
  20  1:35  Cybernetics Core  
  21  1:47  Probe  
  21  1:50  Assimilator  
  21  1:51  Pylon  
  21  1:59  Probe  
  22  2:05  Warp Gate  
  22  2:07  Stalker  
  22  2:11  Probe  
  24  2:23  Probe  
  25  2:35  Probe, Robotics Facility  
  26  2:38  Probe  
  27  2:47  Probe  
  27  2:50  Probe  
  29  2:59  Probe  
  29  3:00  Sentry  
  29  3:02  Probe  
  33  3:11  Probe  
  34  3:14  Probe  
  34  3:16  Gateway  
  35  3:20  Twilight Council  
  35  3:24  Probe  
  35  3:25  Observer  
  35  3:26  Probe  
  38  3:29  Assimilator  
  38  3:31  Assimilator  
  38  3:36  Probe  
  38  3:37  Pylon  
  38  3:38  Probe  
  40  3:48  Immortal, Probe  
  45  3:50  Probe  
  46  3:56  Charge  
  46  4:00  Probe  
  47  4:03  Probe  
  47  4:08  Zealot  
  50  4:11  Observer  
  50  4:12  Probe  
  50  4:15  Probe  
  50  4:16  Forge  
  52  4:19  Gateway  
  52  4:24  Probe  
  52  4:27  Probe  
  54  4:33  Protoss Ground Weapons Level 1  
  54  4:40  Pylon  
  54  4:43  Pylon  
  54  4:49  Pylon  
  54  4:55  Templar Archives  
  54  4:58  Immortal, Probe x2  
  60  5:07  Stalker  
  60  5:10  Probe x2  
  62  5:25  Stalker x2  
  64  5:32  Psionic Storm  
  64  5:45  Immortal  
  68  5:50  Stalker x2  
  68  5:52  Stalker  
  74  5:57  Probe x2  
  74  6:03  Pylon  
  76  6:06  Pylon  
  76  6:09  Pylon  
  76  6:12  Pylon  
  76  6:17  High Templar  
  78  6:23  High Templar  
  79  6:30  Protoss Ground Weapons Level 2  
  79  6:36  Zealot  
  81  6:43  Gateway  
  81  6:44  Immortal  
  81  6:45  Gateway  
  85  6:51  Archon  
  85  6:59  High Templar  
  87  7:06  Zealot x2  
  91  7:17  Gateway  
  83  7:48  Probe x2  
  85  8:02  Gateway x2  
  82  8:06  Pylon  
  82  8:07  Pylon  
  81  8:24  Probe  
  81  8:25  Probe  
  81  8:26  High Templar  
  81  8:27  High Templar x4  
  87  8:33  Archon  
  93  8:37  Immortal  
  93  8:39  Nexus  
  93  8:43  Pylon  
  93  8:44  Pylon  
  93  8:45  Pylon  
  93  8:47  Pylon x2  
  97  8:59  Twilight Council  
  97  9:04  Robotics Bay  
  97  9:09  Zealot  
  99  9:10  Zealot x6  
  69  9:32  Stalker x3  
  69  9:33  Stalker x4  
Show
View Real Time Build Order
Export as new Build Order

Woah Terran - Winner!

Build Orders: Reaper Expand 

Get SALT Encoding   

  12  0:01  SCV  
  13  0:13  SCV  
  14  0:17  Supply Depot  
  14  0:25  SCV  
  15  0:38  SCV  
  15  0:40  Barracks  
  16  0:46  Refinery  
  16  0:50  SCV  
  17  1:02  SCV  
  18  1:15  SCV  
  19  1:30  Reaper, Orbital Command  
  20  1:43  Command Center  
  20  1:55  SCV  
  20  1:56  Supply Depot  
  21  2:03  Refinery  
  21  2:10  Barracks Reactor  
  21  2:15  SCV  
  22  2:24  Factory  
  22  2:27  SCV  
  23  2:39  SCV  
  23  2:43  Bunker  
  24  2:51  SCV  
  24  2:53  Marine x2  
  27  3:01  Orbital Command  
  27  3:03  SCV  
  28  3:08  Starport  
  28  3:09  Widow Mine  
  30  3:15  SCV  
  30  3:18  Supply Depot  
  31  3:25  Marine  
  32  3:28  SCV x2, Marine  
  32  3:33  Widow Mine  
  37  3:42  SCV  
  37  3:43  SCV  
  37  3:46  Medivac  
  41  3:48  Barracks  
  41  3:54  SCV, Factory Tech Lab  
  42  3:59  SCV, Supply Depot  
  43  4:03  Marine x2  
  45  4:24  Marine x2  
  47  4:40  Barracks  
  47  4:43  Barracks Tech Lab  
  47  4:44  SCV x2  
  49  4:47  Engineering Bay, Refinery  
  49  4:48  Marine x2  
  51  4:56  SCV x2  
  51  4:57  Raven  
  51  4:59  Factory Reactor  
  55  5:02  Marauder  
  55  5:03  Stimpack  
  55  5:05  Marine  
  58  5:08  SCV  
  59  5:27  SCV  
  59  5:28  SCV  
  61  5:29  Terran Infantry Weapons Level 1  
  61  5:34  Barracks, Barracks Tech Lab  
  61  5:36  Barracks  
  61  5:41  Command Center  
  61  5:44  Marauder, Marine  
  62  5:51  SCV, Supply Depot, Marine  
  62  5:54  Siege Tank  
  67  6:02  Marine  
  68  6:05  SCV x2  
  70  6:12  Medivac  
  70  6:13  Marauder x2, Medivac  
  70  6:17  Supply Depot  
  78  6:20  Combat Shield  
  78  6:29  Barracks Tech Lab  
  78  6:33  Barracks Reactor  
  78  6:34  Marauder x2  
  82  6:41  Marine x2  
  82  6:45  SCV x2  
  86  6:51  Refinery  
  86  6:56  Marauder x2  
  86  6:58  SCV, Marine  
  86  6:59  SCV, Marauder, Marine  
  86  7:00  Orbital Command  
  96  7:04  Siege Tank  
  99  7:16  Marine  
  99  7:17  Marauder  
  98  7:46  Marauder x3, Marine x3  
  98  7:47  Marine  
  98  7:48  SCV  
  109  7:52  Supply Depot  
  109  7:53  Supply Depot  
  109  7:54  SCV, Siege Tank  
  109  7:57  Liberator x2  
  113  8:04  Marine x4  
  116  8:07  Orbital Command  
  116  8:14  Marauder x3  
  116  8:17  Supply Depot  
  116  8:19  Supply Depot x2  
  128  8:36  Marauder x2  
  132  8:46  Marauder, Marine x3  
  132  8:47  Marine  
  138  8:54  Ghost Academy  
  138  8:57  SCV x3, Marauder x2  
  145  9:08  Marauder  
  145  9:09  SCV x3  
  148  9:18  Marauder  
  148  9:21  SCV x3  
Tags
 
Add a new tag
Caveats
  • Supply blocks, unpowered buildings, or Contaminate may cause inaccurate times.
  • Supply counts are checked every 10 seconds.